 Dungeon Crawl Stone Soup version 0.27-a0-1196-g3e9cee4cb2 (webtiles) character file.

Game seed: 2123865705958674360

3598 Mesmaeker13 the Summoner (level 10, -3/50 HPs)
             Began as a Tengu Summoner on May 28, 2021.
             Shot with an arrow by a centaur warrior (28 damage)
             ... on level 8 of the Dungeon.
             The game lasted 00:20:11 (9760 turns).

Mesmaeker13 the Summoner (Tengu Summoner)           Turns: 9760, Time: 00:20:12

Health: -3/50      AC:  7    Str:  9    XL:     10   Next: 10%
Magic:  30/30      EV: 17    Int: 19    God:
Gold:   425        SH:  0    Dex: 14    Spells: 14/23 levels left

rFire    + . .     SeeInvis .   K - +2 spear (freeze)
rCold    . . .     Faith    .   (no shield)
rNeg     . . .     Spirit   .   E - +0 steam dragon scales
rPois    .         Reflect  .   (helmet restricted)
rElec    .         Harm     .   A - +0 cloak
rCorr    .         Rampage  .   q - +0 pair of gloves
Will     .....                  (boots unavailable)
Stlth    ++........             c - amulet of regeneration
HPRegen  1.16/turn              H - ring of protection from fire
MPRegen  0.22/turn              y - ring of magical power

@: flying quickly and evasively, quick
A: beak, talons 3, nimble flight
a: no special abilities


You were on level 8 of the Dungeon.
You visited 1 branch of the dungeon, and saw 8 of its levels.

You collected 425 gold pieces.

Inventory:

Hand Weapons
 a - a +2 hand crossbow of flaming
 f - a +2 scimitar of flaming
 o - a +4 spear
 K - a +2 spear of freezing (weapon)
Missiles
 i - 27 poisoned darts
Armour
 d - a +0 ring mail of fire resistance
 q - a +0 pair of gloves (worn)
 A - a +0 cloak (worn)
 B - a +2 kite shield
 E - +0 steam dragon scales (worn)
Magical Staves
 z - a staff of cold
Jewellery
 c - an amulet of regeneration (around neck)
 e - a ring of protection from cold
 y - a ring of magical power (right hand)
 H - a ring of protection from fire (left hand)
Wands
 n - a wand of flame (24)
Scrolls
 b - 2 scrolls of blinking
 g - 4 scrolls of teleportation
 h - 4 scrolls of torment
 j - a scroll of immolation
 k - a scroll of enchant armour {unknown}
 p - a scroll of magic mapping
 w - a scroll of fear
 x - a scroll of vulnerability {unknown}
 C - a scroll of enchant weapon {unknown}
 F - 3 scrolls of amnesia
 G - a scroll of summoning {unknown}
 J - a scroll of fog {unknown}
Potions
 l - 2 potions of lignification
 m - 2 potions of curing
 r - 2 potions of attraction {unknown}
 s - a potion of cancellation {unknown}
 t - 2 potions of brilliance {unknown}
 u - 2 potions of heal wounds {unknown}
 v - a potion of flight {unknown}
 D - a potion of might {unknown}
 I - a potion of resistance {unknown}


   Skills:
 - Level 6.3 Dodging
 - Level 2.0 Stealth
 + Level 4.6 Shields
 + Level 7.0 Spellcasting
 + Level 10.0 Summonings
 + Level 8.3 Air Magic


You had 14 spell levels left.
You knew the following spells:

 Your Spells              Type           Power      Damage    Failure   Level
b - Call Imp              Summ           44%        N/A       1%          2
c - Call Canine Familiar  Summ           44%        N/A       1%          3
d - Summon Lightning Spi  Summ/Air       41%        N/A       2%          4

Your spell library contained the following spells:

 Spells                   Type           Power      Damage    Failure   Level
 Summon Small Mammal      Summ           100%       N/A       1%          1
 Summon Guardian Golem    Hex/Summ       25%        N/A       3%          3
 Summon Ice Beast         Ice/Summ       25%        N/A       13%         4


Dungeon Overview and Level Annotations

Branches:
Dungeon (8/15)             Temple (0/1) D:7            Lair (0/6) D:8

Altars:
Kikubaaqudgha
Sif Muna
Uskayaw
Vehumet
Wu Jian
Zin
The Shining One

Shops:
D:4 ?   D:7 ?


Innate Abilities, Weirdness & Mutations

You have a beak for a mouth.
You have claws for feet.
Your magical nature lets you fly swiftly and evasively.


Message History

Your lightning spire shoots out a bolt of lightning at the wight!
The bolt of electricity hits the wight!
Things that are here:
a +2 mace; a +0 robe
Things that are here:
a +1 falchion; a +0 robe Your lightning spire shoots out a bolt of lightning at the wight!
The bolt of electricity hits the wight!
The wight is destroyed!
Your Summonings skill increases to level 10!
No target in view!
No target in view!
Things that are here:
a +4 spear; a +0 robe
o - a +4 spear
Okay, then.
Drop what? 37/52 slots (_ for help) (? for menu, Esc to quit)
Okay, then.
Unknown command.
You start putting on your amulet.
You continue putting on your amulet of regeneration.
Your lightning spire disappears in a puff of smoke!
You continue putting on your amulet of regeneration. x4
You finish putting on your amulet of regeneration.
The amulet cannot attune itself to your injured body.
c - an amulet of regeneration (around neck)
Your amulet attunes itself to your body as you begin to regenerate more quickly.
Your wolf disappears in a puff of smoke!
Found an escape hatch in the floor.
There is an open door here.
A centaur warrior comes into view.
The centaur warrior wields a +0 longbow.
The centaur warrior shoots an arrow.
The arrow hits you!!
Ouch! That really hurt!
You hear a shout!
A boulder beetle, a gnoll sergeant and an orc come into view.
You hear a shout!
The gnoll sergeant shouts!
The centaur warrior shoots an arrow.
The arrow hits you!!
Ouch! That really hurt!
You die...

...# #..#..#..#..# #..
...# ##.######.##.###..
...# #..#..#....#)...^.
####
##.##....#####..###
...# ###..#..####
#..### ...#
###...##.......# ##...#
...#
###...#########...#
###.. #.##
###...###..#}B# R[ ###
..# ###...###..#@.c.# #
..###...###..###..##..#
..#...###..### ...# #
#.#### ..#.##'..###
.#.#. #..... ..#...####
.o#.##. ..####
....#...### .. #.# #.
.##.###...###g #.# #. #
..#.# ###...####.# #.
### ..#.#######...###
###..


You could see a boulder beetle, a centaur warrior, a gnoll sergeant and an orc
(wandering).

Vanquished Creatures
  A water moccasin (D:6)
  An orc warrior (D:6)
  A phantom (D:4)
  A centaur (D:8)
  A bullfrog (D:7)
  A wight (D:7)
  3 bullfrog zombies
  A centaur zombie (D:7)
  A bullfrog skeleton (D:5)
  A jelly (D:7)
  2 orc priests
  3 iguanas
  An orc wizard (D:6)
  A gnoll (D:8)
  8 adders
  An ufetubus (D:5)
  A worm (D:2)
  2 dart slugs
  6 orcs
  4 endoplasms
  6 giant cockroaches
  3 goblins
  3 hobgoblins
  3 jackals
  2 quokkas
  4 ball pythons
  7 bats
  3 frilled lizards
  4 kobolds
  4 rats
80 creatures vanquished.

Vanquished Creatures (collateral kills)
  A two-headed ogre (D:8)
  An ugly thing (D:8)
  An efreet (D:8)
  Maggie (D:6)
  A hornet (D:4)
  Prince Ribbit (D:8)
  Eustachio (D:6)
  6 yaks (D:8)
  Menkaure (D:7)
  Edmund (D:6)
  2 water moccasins
  Duvessa (D:7)
  2 orc warriors (D:8)
  A black bear (D:4)
  An ice beast (D:5)
  2 ogres
  3 gnoll sergeants
  Dowan (D:7)
  10 wights
  2 hounds
  2 jellies
  A bullfrog skeleton (D:4)
  2 orc priests (D:4)
  3 iguanas (D:5)
  Jessica (D:2)
  3 orc wizards (D:6)
  A hound skeleton (D:4)
  6 gnolls
  An adder (D:2)
  13 orcs
  2 endoplasms
  5 giant cockroaches
  2 goblins
  A hobgoblin (D:1)
  3 jackals
  A quokka (D:1)
  2 bats (D:2)
  A frilled lizard (D:2)
  2 kobolds
  A rat (D:1)
93 creatures vanquished.

Vanquished Creatures (others)
  3 fungi (D:8)
  8 plants (D:8)
11 creatures vanquished.

Grand Total: 184 creatures vanquished

Notes
Turn   | Place    | Note
-------+----------+-------------------------------------------
     0 | D:1      | Mesmaeker13 the Tengu Summoner began the quest for the Orb.
     0 | D:1      | Reached XP level 1. HP: 10/10 MP: 4/4
   230 | D:1      | Reached skill level 5 in Summonings
   239 | D:1      | Reached XP level 2. HP: 15/15 MP: 4/6
   884 | D:1      | Found a faded altar of an unknown god.
   946 | D:1      | Learned a level 2 spell: Call Imp
  1030 | D:1      | Reached XP level 3. HP: 19/19 MP: 7/7
  1710 | D:2      | Learned a level 3 spell: Call Canine Familiar
  1909 | D:2      | Reached XP level 4. HP: 24/24 MP: 9/9
  1993 | D:2      | Noticed Jessica
  2004 | D:2      | Killed Jessica
  2699 | D:3      | Found an ornate altar of the Wu Jian Council.
  2930 | D:3      | Noticed an ogre
  2962 | D:3      | Killed an ogre
  2963 | D:3      | Gained mutation: Your magical nature lets you fly swiftly
                  | and evasively. [Tengu growth]
  2963 | D:3      | Reached XP level 5. HP: 28/28 MP: 1/10
  3086 | D:3      | Reached skill level 6 in Summonings
  3437 | D:4      | Found Magu Conn's Magic Scroll Shoppe.
  3728 | D:5      | Entered Level 5 of the Dungeon
  3761 | D:5      | Reached XP level 6. HP: 32/32 MP: 5/12
  3768 | D:5      | Learned a level 4 spell: Summon Lightning Spire
  4240 | D:5      | Reached skill level 1 in Air Magic
  4383 | D:5      | Found a radiant altar of Vehumet.
  4700 | D:5      | Found a hide-covered altar of Uskayaw.
  4927 | D:5      | Noticed an ice beast
  4937 | D:5      | Noticed a nameless horror
  5075 | D:4      | Noticed a black bear
  5096 | D:4      | Killed a black bear
  5097 | D:4      | Reached XP level 7. HP: 32/36 MP: 5/14
  5203 | D:4      | Noticed a hornet
  5215 | D:4      | Killed a hornet
  5216 | D:4      | Reached skill level 5 in Dodging
  5216 | D:4      | Reached skill level 7 in Summonings
  5782 | D:6      | Reached XP level 8. HP: 33/41 MP: 8/16
  6143 | D:6      | Found an ancient bone altar of Kikubaaqudgha.
  6143 | D:6      | Found a shimmering blue altar of Sif Muna.
  6228 | D:6      | Reached skill level 5 in Spellcasting
  6260 | D:6      | Noticed Edmund
  6271 | D:6      | Killed Edmund
  6497 | D:6      | Noticed Eustachio
  6517 | D:6      | Killed Eustachio
  6518 | D:6      | Reached skill level 8 in Summonings
  6642 | D:6      | Noticed Maggie
  6647 | D:6      | Reached skill level 5 in Air Magic
  6658 | D:6      | Killed Maggie
  6685 | D:6      | Found a glowing golden altar of the Shining One.
  7347 | D:7      | Reached skill level 1 in Shields
  7613 | D:7      | Noticed Menkaure
  7624 | D:7      | Killed Menkaure
  7625 | D:7      | Reached XP level 9. HP: 45/45 MP: 18/18
  7714 | D:7      | Found Istuuta's Magic Scroll Shop.
  7887 | D:7      | Found a glowing silver altar of Zin.
  7887 | D:7      | Noticed an angel
  8060 | D:7      | Found a staircase to the Ecumenical Temple.
  8060 | D:7      | Noticed Dowan
  8069 | D:7      | Noticed Duvessa
  8100 | D:7      | Killed Duvessa
  8100 | D:7      | Killed Dowan
  8498 | D:8      | Noticed Prince Ribbit
  8514 | D:8      | Killed Prince Ribbit
  8515 | D:8      | Reached skill level 9 in Summonings
  8544 | D:8      | Noticed a two-headed ogre
  8833 | D:8      | Killed a two-headed ogre
  8988 | D:8      | Found a staircase to the Lair.
  9011 | D:8      | Noticed a white ugly thing
  9020 | D:8      | Killed a white ugly thing
  9200 | D:8      | Reached XP level 10. HP: 39/50 MP: 21/21
  9690 | D:8      | Reached skill level 10 in Summonings
  9757 | D:8      | Noticed a centaur warrior
  9760 | D:8      | Noticed a boulder beetle
  9760 | D:8      | Shot with an arrow by a centaur warrior

Illustrated notes

Levels and vault maps discovered:
D:1:      dpeg_arrival_prison, layout_loops_ring,
          shapermc_ecumenical_altar_mp_highgroup
D:2:      layout_basic, uniq_jessica
D:3:      layout_loops_ring, nicolae_wu_jian_wuxing_cycle, minivault_24
D:4:      layout_cave_pools, serial_shops, shop, dk_noncrumbling_2,
          chequers_serial_rivers_small_3
D:5:      layout_basic, lemuel_doored_altar, kennysheep_mini_moat,
          grunt_ministairs_6
D:6:      layout_loops_ring, nicolae_tso_swordbearing_angel,
          gammafunk_temple_overflow_statue, chequers_serial_rivers_room_b,
          nrook_loot_triangle, minmay_fountain_box, sword_in_stone,
          uniq_eustachio, uniq_edmund, uniq_maggie
D:7:      layout_gridville, nicolae_overflow_hidden_temple, zin_angel,
          minmay_temple_entry_statues_pillars, serial_shops, shop,
          kennysheep_generic_room_8, uniq_duvessa, uniq_menkaure
D:8:      minmay_the_grid_four_pointed_star
          [minmay_the_grid_triangle_9x9_corrupted_corridor,
          minmay_the_grid_triangle_9x9_from_above,
          minmay_the_grid_triangle_9x9_intruding_spiral,
          minmay_the_grid_triangle_9x9_cache,
          minmay_the_grid_prize_four_corners_diamond_a], layout_basic,
          dpeg_oklobed_lair, uniq_prince_ribbit1

Skill      XL: |  1  2  3  4  5  6  7  8  9 10 |
---------------+-------------------------------+-----
Summonings     | 5 6 7 8 9 10 | 10.0
Dodging        | 3 4 5 6 |  6.3
Spellcasting   | 3 4 5 6 7 |  7.0
Air Magic      | 2 3 5 8 |  8.3
Shields        | 1 4 |  4.6
Stealth        | |  2.0

Action                   |  1- 3 |  4- 6 |  7- 9 | 10-12 || total
-------------------------+-------+-------+-------+-------++-------
Melee: Unarmed           |    33 |       |       |       ||    33
       Kick              |    24 |    20 |    46 |     5 ||    95
       Peck              |    10 |    19 |    18 |     5 ||    52
       Short sword       |    97 |     5 |       |       ||   102
       Mace              |       |    85 |   157 |       ||   242
       Whip              |       |    11 |       |       ||    11
       Spear             |       |       |       |    23 ||    23
 Cast: Summon Small Mamm |    22 |       |       |       ||    22
       Call Imp          |     6 |    35 |    31 |       ||    72
       Call Canine Famil |       |    12 |    26 |     1 ||    39
       Summon Lightning  |       |       |    21 |     2 ||    23
Evoke: Wand              |       |       |     1 |       ||     1
  Use: Scroll            |       |     6 |     1 |     2 ||     9
       Potion            |       |       |     1 |       ||     1
 Stab: Sleeping          |     9 |     2 |       |     1 ||    12
       Distracted        |       |       |     3 |       ||     3
Armor: Robe              |    32 |       |       |       ||    32
       Troll leather arm |    36 |    41 |    26 |       ||   103
       Steam dragon scal |       |       |    25 |     6 ||    31
Dodge: Dodged            |   149 |   107 |   178 |    12 ||   446

Table legend: (Time is in decaauts)
 A = Elapsed time spent in this place.
 B = Non-inter-level travel time spent in this place.
 C = Inter-level travel time spent in this place.
 D = Time resting spent in this place.
 E = Time spent auto-exploring this place.
 F = Levels seen in this place.
 G = Mean time per level.
                   A        B        C        D        E       F      G
               +--------+--------+--------+--------+--------+-----+--------+
         Total |   9522 |   9133 |    389 |   1880 |   4988 |   8 | 1190.2 |
       Dungeon |   9522 |   9133 |    389 |   1880 |   4988 |   8 | 1190.2 |
               +--------+--------+--------+--------+--------+-----+--------+

Top non-repeatable levels by time:
     D:5: 1565 daAuts
     D:1: 1513 daAuts
     D:6: 1504 daAuts
     D:8: 1360 daAuts
     D:2: 1006 daAuts
     D:7: 959 daAuts
     D:3: 824 daAuts
     D:4: 789 daAuts
